 Dungeon Crawl Stone Soup version 0.26.1-11-gd32895ea62 (webtiles) character file.

Game seed: 9841911330277099006

4645 Zeld the Basher (level 10, -3/60 HPs)
             Began as an Octopode Warper on May 17, 2021.
             Was a Believer of Makhleb.
             Killed from afar by a manticore (14 damage)
             ... with a volley of spikes
             ... on level 10 of the Dungeon.
             The game lasted 00:20:52 (21507 turns).

Zeld the Basher (Octopode Warper)                  Turns: 21507, Time: 00:20:54

Health: -3/60      AC:  1    Str: 13    XL:     10   Next: 43%
Magic:  2/20       EV: 17    Int: 19    God:    Makhleb [**....]
Gold:   581        SH:  0    Dex: 11    Spells: 7/22 levels left

rFire    . . .     SeeInvis .   p - +8 mace (vorpal)
rCold    + . .     Faith    .   (no shield)
rNeg     . . .     Spirit   .   (helmet restricted)
rPois    +         Reflect  .   (no amulet)
rElec    .         Harm     .   t - ring of protection from cold
rCorr    .         Rampage  .   s - ring of wizardry
Will     .....     Rnd*Rage +   n - ring of poison resistance
Stlth    ++........             v - +4 ring of evasion
HPRegen  0.20/turn              (no ring)
MPRegen  0.17/turn              (no ring)
                                (no ring)
                                (no ring)

@: barbed spikes
A: almost no armour, stealthy swim, amphibious, 8 rings, constrict 8, camouflage
1, berserk 1, clever 1, gelatinous body 1
a: Renounce Religion, Minor Destruction


You were on level 10 of the Dungeon.
You worshipped Makhleb.
Makhleb was pleased with you.
You visited 2 branches of the dungeon, and saw 11 of its levels.

You collected 581 gold pieces.

Inventory:

Hand Weapons
 a - a +0 mace
 j - a +0 mace
 p - a +8 vorpal mace (weapon)
Missiles
 w - 4 boomerangs (quivered)
Jewellery
 n - a ring of poison resistance (on tentacle)
 s - a ring of wizardry (right tentacle)
 t - a ring of protection from cold (left tentacle)
 v - a +4 ring of evasion (on tentacle)
Wands
 l - a wand of flame (23)
 q - a wand of paralysis (4)
Scrolls
 c - 3 scrolls of teleportation {unknown}
 d - 3 scrolls of amnesia
 g - 3 scrolls of enchant armour
 h - 4 scrolls of fear {unknown}
 i - 4 scrolls of magic mapping
 m - 2 scrolls of summoning {unknown}
 o - 8 scrolls of remove curse
 u - a scroll of blinking
Potions
 b - a potion of might {unknown}
 e - 3 potions of curing
 f - a potion of mutation
 k - 3 potions of flight
 r - a potion of magic {unknown}


   Skills:
 - Level 2.0 Fighting
 * Level 11.0 Maces & Flails
 * Level 2.6 Throwing
 - Level 2.3 Dodging
 - Level 6.7 Spellcasting
 - Level 7.6 Translocations


You had 7 spell levels left.
You knew the following spells:

 Your Spells              Type           Power        Failure   Level
a - Blink                 Tloc           N/A          1%          2
b - Gell's Gravitas       Tloc           17%          1%          3
c - Lesser Beckoning      Tloc           17%          1%          3
d - Teleport Other        Tloc           35%          1%          3
e - Passage of Golubria   Tloc           N/A          1%          4

Your spell library contained the following spells:

 Spells                   Type           Power        Failure   Level
 Haunt                    Necr/Summ      3%           100%        7
 Borgnjor's Revivificati  Necr           3%           100%        8
 Infestation              Necr           3%           100%        8
 Necromutation            Tmut/Necr      3%           100%        8
 Death's Door             Necr           3%           100%        9


Dungeon Overview and Level Annotations

Branches:
Dungeon (10/15)            Temple (1/1) D:6             Orc (0/2) D:9
   Lair: D:8-11

Altars:
Ashenzari
Cheibriados
Dithmenos
Elyvilon
Fedhas
Gozag
Hepliaklqana
Kikubaaqudgha
Makhleb
Nemelex Xobeh
Okawaru
Qazlal
Ru
Sif Muna
Trog
Uskayaw
Vehumet
Wu Jian
Xom
Yredelemnul
Zin
The Shining One

Annotations:
D:8 3 runed translucent doors, TheGreatAnchovy's ghost, novice MiFi


Innate Abilities, Weirdness & Mutations

You cannot wear most types of armour.
You are very stealthy in the water. (Stealth+)
You are amphibious.
You can wear up to eight rings at the same time.
You can use your tentacles to constrict eight enemies at once.
Your skin changes colour to match your surroundings (Stealth+).
Your rubbery body absorbs attacks. (AC +1, EV +1)
You tend to lose your temper in combat.
Your mind is acute. (Int +2)


Message History

You blink.
The manticore flicks its tail.
The volley of spikes hits you!
The barbed spikes become lodged in your body.
Casting: Blink (safe; 1% risk of failure)
Confirm with . or Enter, or press ? or * to list all spells.
You blink. 2 kobolds come into view.
The kobold throws a poisoned dart.
The poisoned dart misses you.
The manticore flicks its tail.
The volley of spikes hits you!
The barbed spikes become lodged in your body.
* * * LOW HITPOINT WARNING * * *
Blink to where?
Press: ? - help, Dir - move target
As you read the scroll of blinking, it crumbles to dust.
The manticore flicks its tail.
The volley of spikes hits you!
The barbed spikes become lodged in your body.
You die...

#####.###
#§.......
#.###.###
##.#...# ##...##
#######..@..#
...####.^##.#
...K###..##.####
..K.###H^#.....#
.K#..##.(#.....#
.##..#K§##.....#
###...^##.<....#
###...##.......#
#####
#..........


You could see a manticore and 3 kobolds.

Vanquished Creatures
  Erica (D:8)
  Maggie (D:8)
  A troll (D:9)
  Sigmund (D:5)
  Edmund (D:4)
  2 orc warriors
  A black bear (D:6)
  2 ice beasts
  2 sky beasts
  3 phantoms
  2 ogres (D:9)
  3 centaurs
  6 bullfrogs
  A scorpion (D:6)
  4 killer bees (D:7)
  4 wights (D:9)
  A howler monkey (D:7)
  2 bullfrog zombies
  5 hounds
  A centaur skeleton (D:6)
  2 jellies
  5 orc priests
  Terence (D:3)
  5 orc wizards
  2 iguanas (D:5)
  5 worker ants
  2 hound skeletons
  2 howler monkey zombies
  2 howler monkey skeletons
  5 adders
  3 shadow imps
  3 white imps
  An ufetubus (D:7)
  An ooze (D:5)
  An adder skeleton (D:7)
  2 adder zombies
  3 worms
  A dart slug (D:1)
  5 leopard geckos
  34 orcs
  4 bats
  2 giant cockroaches (D:1)
  12 goblins
  10 hobgoblins
  19 jackals
  2 quokkas (D:5)
  5 ball pythons
  6 frilled lizards
  14 kobolds
  2 leopard gecko skeletons
  13 rats
218 creatures vanquished.

Vanquished Creatures (others)
  7 plants
7 creatures vanquished.

Grand Total: 225 creatures vanquished

Notes
Turn   | Place    | Note
-------+----------+-------------------------------------------
     0 | D:1      | Zeld the Octopode Warper began the quest for the Orb.
     0 | D:1      | Reached XP level 1. HP: 14/14 MP: 3/3
    18 | D:2      | Found a blossoming altar of Fedhas.
   130 | D:1      | Reached XP level 2. HP: 16/19 MP: 5/5
   144 | D:1      | Learned a level 2 spell: Blink
  1058 | D:1      | Reached XP level 3. HP: 23/24 MP: 6/6
  1066 | D:1      | Learned a level 3 spell: Gell's Gravitas
  1297 | D:1      | Reached skill level 3 in Maces & Flails
  1429 | D:2      | Reached XP level 4. HP: 24/29 MP: 7/7
  1741 | D:2      | Reached XP level 5. HP: 19/34 MP: 9/9
  1876 | D:2      | Learned a level 3 spell: Lesser Beckoning
  2181 | D:2      | Reached skill level 4 in Maces & Flails
  2255 | D:2      | Noticed an ice beast
  3787 | D:3      | Noticed a phantom
  5048 | D:3      | Noticed a moth of wrath
  5048 | D:3      | Noticed Terence
  5366 | D:3      | Found a bloodstained altar of Trog.
  5661 | D:4      | Found a broken altar of Ashenzari.
  5840 | D:4      | Reached XP level 6. HP: 5/39 MP: 10/10
  5842 | D:4      | Gained mutation: You tend to lose your temper in combat.
                  | [potion of mutation]
  5842 | D:4      | Gained mutation: Your mind is acute. (Int +2) [potion of
                  | mutation]
  6365 | D:4      | Found a snail-covered altar of Cheibriados.
  6454 | D:4      | Learned a level 3 spell: Teleport Other
  6764 | D:4      | HP: 1/39 [orc wizard/puff of frost (11)]
  7639 | D:3      | Found a bloodstained altar of Trog.
  7802 | D:4      | Reached skill level 5 in Maces & Flails
  8012 | D:4      | Found a glowing silver altar of Zin.
  8407 | D:5      | Entered Level 5 of the Dungeon
  8524 | D:5      | Noticed a sky beast
  8524 | D:5      | Noticed an ice beast
  8534 | D:5      | Killed a sky beast
  8662 | D:5      | Reached XP level 7. HP: 37/45 MP: 12/12
  8799 | D:3      | Killed Terence
  8841 | D:5      | Noticed Sigmund
  9323 | D:5      | Killed Sigmund
  9635 | D:5      | Noticed Edmund
 10090 | D:5      | Reached skill level 6 in Maces & Flails
 10090 | D:5      | Reached skill level 5 in Translocations
 10381 | D:5      | Reached XP level 8. HP: 27/50 MP: 14/14
 10386 | D:5      | Learned a level 4 spell: Passage of Golubria
 11422 | D:4      | Found a broken altar of Ashenzari.
 11440 | D:4      | Killed Edmund
 11561 | D:4      | Found a glowing silver altar of Zin.
 11575 | D:4      | Found a snail-covered altar of Cheibriados.
 12277 | D:3      | Found a bloodstained altar of Trog.
 12517 | D:2      | Found a blossoming altar of Fedhas.
 12936 | D:2      | Reached skill level 7 in Maces & Flails
 14903 | D:6      | Reached skill level 5 in Spellcasting
 14959 | D:6      | Found a glowing golden altar of the Shining One.
 14961 | D:6      | Found a sparkling altar of Nemelex Xobeh.
 14963 | D:6      | Found a basalt altar of Yredelemnul.
 15193 | D:6      | Reached skill level 8 in Maces & Flails
 15291 | D:6      | Found a radiant altar of Vehumet.
 15406 | D:6      | Reached XP level 9. HP: 40/54 MP: 15/17
 15508 | D:6      | Found a staircase to the Ecumenical Temple.
 15597 | D:6      | Found a burning altar of Makhleb.
 15877 | D:6      | Became a worshipper of Makhleb the Destroyer
 15939 | Temple   | Entered the Ecumenical Temple
 16097 | D:7      | Found a shimmering altar of Xom.
 16099 | D:7      | Found a shimmering altar of Xom.
 16100 | D:7      | Found a shimmering altar of Xom.
 16100 | D:7      | Found a shimmering altar of Xom.
 16123 | D:7      | Found a radiant altar of Vehumet.
 16591 | D:7      | Found a shadowy altar of Dithmenos.
 16944 | D:7      | Found an iron altar of Okawaru.
 17023 | D:7      | Noticed a mana viper
 17026 | D:7      | Noticed a mana viper
 17048 | D:7      | Noticed a komodo dragon
 17048 | D:7      | a mana viper changed into a komodo dragon
 17063 | D:7      | Noticed a harpy
 17063 | D:7      | a mana viper changed into a harpy
 17064 | D:7      | Reached * piety under Makhleb
 17071 | D:7      | a komodo dragon changed into a snapping turtle
 17073 | D:7      | Noticed an elephant
 17073 | D:7      | a snapping turtle changed into an elephant
 17108 | D:7      | a harpy changed into something unseen
 17119 | D:7      | Noticed a torpor snail
 17119 | D:7      | an elephant changed into a torpor snail
 17528 | D:8      | Noticed Erica
 17726 | D:8      | Reached skill level 9 in Maces & Flails
 18286 | D:8      | Killed Erica
 19111 | D:8      | Found a runed translucent gate.
 19111 | D:8      | Found a runed translucent gate.
 19112 | D:8      | Noticed a ten-headed hydra
 19114 | D:8      | Noticed TheGreatAnchovy's ghost (novice MiFi)
 19117 | D:8      | Found a runed translucent gate.
 19178 | D:8      | Noticed Maggie
 19193 | D:8      | Killed Maggie
 19194 | D:8      | Reached skill level 10 in Maces & Flails
 19194 | D:8      | Reached XP level 10. HP: 35/60 MP: 15/20
 21026 | D:9      | Reached skill level 11 in Maces & Flails
 21040 | D:9      | Reached ** piety under Makhleb
 21140 | D:9      | Found a staircase to the Orcish Mines.
 21477 | D:10     | Entered Level 10 of the Dungeon
 21486 | D:10     | Noticed a manticore
 21507 | D:10     | Killed from afar by a manticore

Illustrated notes

Levels and vault maps discovered:
D:1:      mrwooster_arrival_arrow, layout_rooms
D:2:      layout_loops_corners, fedhas_altar_2, serial_forest,
          infiniplex_forest_end_2, infiniplex_forest_clump_medium,
          infiniplex_forest_fountain, infiniplex_forest_side_room,
          infiniplex_forest_clump_large, infiniplex_forest_lined_2,
          infiniplex_forest_clump_long, infiniplex_forest_straight_2,
          infiniplex_forest_corner_1, serial_bayou_pond_e, minmay_box_of_dots
D:3:      layout_rooms, tgw_trog, feat_on_display, uniq_terence
D:4:      layout_rooms, nicolae_overflow_crystal_walls, old_standard_altar,
          zin_scriptorium, minmay_misc_feat_iff, minivault_5
D:5:      minmay_octagon_keep, layout_basic, uniq_edmund, uniq_sigmund
D:6:      layout_cave_pods, grunt_temple_overflow_open, marbit_many_paths,
          overflow_temple_1_default, minmay_temple_entry_statues_pillars
D:7:      layout_basic, xom_shifter_show, kennysheep_mini_moat,
          nicolae_dithmenos_shadow_blocks, basic_altar
D:8:      layout_basic, gammafunk_ghost_hydra_chop, uniq_erica, uniq_maggie
D:9:      layout_loops_ring, orc_0_dummy, lightli_corner_chamber
D:10:     layout_roguey, serial_shops, nicolae_shop_crystal,
          hangedman_glass_teeth, minmay_misc_feat_four_crosses,
          minmay_misc_feat_plants, st_stairs_14, uniq_snorg
Temple:   dpeg_three_leaves_temple

Skill      XL: |  1  2  3  4  5  6  7  8  9 10 |
---------------+-------------------------------+-----
Maces & Flails | 3 4 5 6 8 10 11 | 11.0
Spellcasting   | 3 4 5 6 |  6.7
Translocations | 4 5 6 7 |  7.6
Throwing       | 2 |  2.6
Fighting       | |  2.0
Dodging        | |  2.3

Action                   |  1- 3 |  4- 6 |  7- 9 | 10-12 || total
-------------------------+-------+-------+-------+-------++-------
Melee: Mace              |    70 |   184 |   193 |   104 ||   551
       Constrict         |    18 |    51 |    29 |    24 ||   122
       Tentacles         |    12 |    26 |    31 |    12 ||    81
Throw: Boomerang         |       |     5 |       |       ||     5
 Cast: Blink             |     1 |    13 |     8 |     6 ||    28
       Passage of Golubr |       |       |     7 |     4 ||    11
       Gell's Gravitas   |       |       |     5 |       ||     5
Evoke: Wand              |       |     1 |     7 |     3 ||    11
  Use: Potion            |       |     7 |     1 |       ||     8
       Scroll            |       |       |    11 |     1 ||    12
 Stab: Sleeping          |     7 |     5 |     8 |     1 ||    21
       Distracted        |       |     1 |       |       ||     1
       Paralysed         |       |       |       |     2 ||     2
Armor: Skin              |    10 |    13 |    12 |     2 ||    37
Dodge: Dodged            |    66 |   133 |   142 |    64 ||   405
